Map: Acid Plant LE

Players

PartinG

  • Race: Protoss Protoss
  • Spawn Location: 5:00

Zanster - Winner!

  • Race: Zerg Zerg
  • League: Master
  • Spawn Location: 11:00

Event: HomeStory Cup XVII

VOD

Have the link to the VOD?

Description

Time

  • Played on: June 29, 2018, 4:16 p.m.
  • Length: 22:32

All games in this series

Show
View Real Time Build Order
Export as new Build Order

PartinG Protoss 

Build Orders: 1 Gate Expand, Oracle Opening, Phoenix Opening, Mass Phoenix, Zealot Archon 

Get SALT Encoding   

  12  0:00  Probe  
  13  0:12  Probe  
  14  0:20  Pylon  
  14  0:25  Probe  
  15  0:34  Probe  
  15  0:39  Gateway  
  15  0:42  Probe  
  16  0:48  Assimilator  
  17  0:51  Probe  
  18  0:59  Probe  
  19  1:07  Probe  
  20  1:24  Nexus  
  20  1:35  Cybernetics Core  
  20  1:40  Assimilator  
  20  1:42  Probe  
  21  1:53  Pylon  
  21  1:55  Probe  
  22  2:02  Adept  
  22  2:07  Probe  
  25  2:16  Stargate  
  25  2:19  Probe  
  25  2:22  Adept  
  26  2:23  Warp Gate  
  28  2:32  Probe  
  28  2:36  Probe  
  29  2:44  Probe  
  29  2:45  Adept  
  29  2:48  Probe  
  33  2:54  Phoenix  
  33  2:56  Probe  
  34  3:00  Probe  
  37  3:09  Probe  
  37  3:12  Probe  
  39  3:16  Oracle  
  42  3:21  Probe  
  42  3:24  Probe  
  44  3:29  Gateway, Pylon  
  44  3:36  Probe  
  44  3:37  Probe  
  44  3:39  Assimilator  
  44  3:40  Assimilator  
  46  3:48  Stargate  
  46  3:50  Probe x2  
  46  3:54  Pylon  
  48  3:58  Phoenix  
  48  4:02  Probe x2  
  52  4:14  Probe x2  
  54  4:25  Phoenix  
  54  4:26  Probe x2  
  58  4:37  Zealot x2  
  62  4:40  Pylon  
  62  4:43  Pylon  
  62  4:55  Phoenix x2  
  62  4:57  Nexus  
  62  4:58  Probe x2  
  62  4:59  Pylon  
  68  5:10  Probe x2  
  70  5:18  Phoenix  
  70  5:20  Phoenix  
  70  5:21  Twilight Council  
  72  5:23  Probe x2  
  72  5:27  Shield Battery  
  76  5:32  Shield Battery  
  76  5:39  Robotics Facility  
  74  5:43  Probe x2  
  74  5:48  Phoenix  
  78  5:51  Charge  
  78  5:55  Probe x2  
  78  5:56  Zealot x2  
  83  5:58  Shield Battery  
  82  6:07  Probe x2  
  84  6:19  Probe  
  84  6:23  Sentry x2  
  84  6:25  Probe  
  90  6:26  Warp Prism  
  90  6:31  Probe  
  91  6:33  Assimilator  
  91  6:34  Templar Archives  
  91  6:37  Probe  
  94  6:40  Assimilator, Gateway x2  
  94  6:43  Probe  
  95  6:49  Probe, Zealot x2  
  100  6:56  Probe  
  100  7:00  Gateway  
  101  7:04  Gateway  
  101  7:07  Gateway  
  101  7:12  Pylon  
  101  7:13  Pylon  
  101  7:16  Pylon  
  101  7:20  Pylon  
  101  7:30  Probe x3  
  101  7:31  Gateway  
  101  7:32  Gateway  
  101  7:34  Pylon  
  101  7:36  Pylon  
  104  7:41  Probe  
  104  7:42  Probe  
  104  7:43  High Templar x4  
  113  7:44  Probe  
  113  7:47  Forge  
  113  7:49  Probe  
  113  7:50  Archon  
  113  7:51  Archon  
  115  7:54  Shield Battery  
  115  7:56  Probe, Pylon  
  117  7:59  Probe  
  118  8:05  High Templar x2  
  118  8:06  Zealot  
  118  8:11  Archon  
  124  8:19  High Templar x4  
  130  8:27  Archon x2  
  130  8:32  Protoss Ground Weapons Level 1  
  130  8:33  Zealot  
  132  8:37  Zealot x2  
  132  8:38  Psionic Storm, Zealot x2  
  132  8:39  Probe x3  
  143  8:43  Photon Cannon  
  133  8:53  Zealot x5  
  118  8:58  Nexus  
  118  8:59  Pylon  
  118  9:00  Immortal  
  118  9:08  High Templar x3  
  128  9:18  Photon Cannon  
  128  9:19  Photon Cannon  
  128  9:20  High Templar  
  128  9:22  Photon Cannon  
  130  9:24  Photon Cannon  
  130  9:35  Photon Cannon x2  
  130  9:37  Photon Cannon  
  130  9:38  Photon Cannon  
  130  9:39  High Templar x2  
  130  9:42  Pylon  
  132  9:55  High Templar  
  132  9:56  High Templar  
  132  9:57  Shield Battery  
  132  9:59  Shield Battery x2  
  134  10:10  Zealot x5  
  134  10:13  Zealot x2  
  148  10:22  Fleet Beacon  
  148  10:26  Immortal  
  148  10:27  Assimilator  
  150  10:31  Assimilator  
  148  10:37  High Templar x2  
  148  10:38  Zealot x7  
  166  10:44  Blink  
  150  11:15  Tempest x2  
  150  11:16  Archon x2  
  150  11:18  Archon  
  138  11:19  Zealot x9  
  128  11:38  Probe  
  118  11:45  Tempest  
  118  11:46  Tempest, Probe  
  115  11:49  Zealot x5  
  115  11:50  Zealot x4  
  130  12:11  Stalker  
  130  12:12  Stalker x7  
  128  12:34  Zealot  
  128  12:35  Zealot x8  
  125  12:47  Tempest x2  
  125  12:49  Protoss Ground Weapons Level 2, Stalker x4  
  125  12:50  Stalker x5  
  145  12:59  Immortal  
  137  13:15  Zealot x5  
  144  13:22  Zealot x2  
  130  13:39  Nexus  
  130  13:44  High Templar  
  130  13:45  High Templar x4  
  140  13:51  Observer  
  141  13:56  Probe  
  141  13:59  Oracle  
  142  14:04  Probe  
  142  14:07  Pylon  
  142  14:08  Mothership  
  146  14:11  Pylon  
  144  14:36  Void Ray x2  
  144  14:39  Observer  
  151  15:02  Probe  
  152  15:09  Zealot x2  
  152  15:10  Probe, Zealot x5  
  152  15:12  Zealot x2  
  149  15:32  High Templar x5  
  159  15:36  Archon x2  
  159  15:39  Void Ray  
  160  15:56  Shield Battery x2  
  160  15:58  Probe  
  160  15:59  Observer  
  161  16:06  Probe, Pylon  
  161  16:08  Photon Cannon  
  161  16:09  High Templar x2  
  166  16:16  Probe  
  166  16:22  Zealot x2  
  161  16:29  Zealot x2  
  161  16:30  Zealot  
  159  16:35  Zealot  
  155  16:44  Oracle  
  155  16:47  High Templar x2  
  151  16:56  Zealot x2  
  155  17:11  High Templar x3  
  157  17:16  Void Ray  
  157  17:17  Archon  
  157  17:18  High Templar  
  159  17:35  Probe x3  
  162  17:40  Probe  
  162  17:47  Probe, Pylon  
  162  17:48  Protoss Air Weapons Level 1, Probe  
  164  17:52  Pylon  
  156  18:09  Probe  
  154  18:17  High Templar, Probe  
  154  18:18  High Templar x3  
  163  18:23  Archon x2  
  163  18:25  Probe  
  164  18:28  Zealot x3  
  164  18:34  Probe  
  164  18:42  Probe  
  165  18:48  Zealot  
  167  18:57  Graviton Catapult  
  167  19:00  Zealot x4  
  166  19:32  Zealot  
  166  19:33  Zealot x5  
  166  19:38  Zealot x2  
  158  19:50  High Templar  
  150  20:03  Zealot x4  
  154  20:20  High Templar x2  
  154  20:21  High Templar x2  
  162  20:25  Archon x2  
  162  20:26  High Templar x2  
  158  20:34  Archon  
  121  22:09  Assimilator  
Show
View Real Time Build Order
Export as new Build Order

Zanster Zerg - Winner!

Build Orders: Hatch First, Brood Lord Corruptor 

Get SALT Encoding   

  12  0:01  Drone  
  13  0:11  Overlord  
  13  0:17  Drone  
  14  0:30  Drone x2  
  14  0:33  Drone  
  17  0:51  Hatchery  
  17  0:56  Drone  
  17  0:58  Drone  
  18  1:10  Extractor  
  17  1:15  Spawning Pool  
  17  1:16  Drone  
  17  1:18  Drone  
  18  1:27  Drone  
  19  1:38  Drone  
  20  1:49  Overlord  
  20  2:03  Queen  
  20  2:04  Queen  
  20  2:05  Zergling x4  
  26  2:09  Metabolic Boost  
  26  2:12  Drone  
  26  2:14  Drone  
  28  2:22  Drone  
  29  2:25  Drone  
  30  2:32  Drone  
  30  2:36  Drone  
  32  2:43  Hatchery  
  31  2:49  Queen  
  33  2:52  Drone  
  33  2:57  Overlord  
  34  3:01  Drone x2  
  34  3:05  Overlord  
  36  3:18  Drone x6  
  42  3:21  Drone x2  
  42  3:23  Drone  
  45  3:29  Overlord  
  45  3:34  Overlord  
  45  3:42  Spore Crawler  
  45  3:44  Spore Crawler  
  45  3:46  Drone  
  45  3:47  Queen  
  46  3:49  Drone x3  
  46  3:53  Drone  
  46  3:54  Drone x2  
  52  4:00  Queen, Drone  
  55  4:03  Drone  
  55  4:05  Overlord  
  56  4:15  Zergling x4  
  56  4:17  Drone  
  56  4:20  Spore Crawler  
  56  4:23  Drone x6  
  56  4:24  Drone  
  63  4:25  Drone  
  63  4:29  Overlord  
  63  4:31  Overlord  
  64  4:34  Drone  
  64  4:36  Drone  
  64  4:42  Lair, Queen  
  66  4:47  Overlord  
  66  4:51  Queen  
  67  4:54  Drone  
  67  4:55  Drone  
  67  4:59  Drone x3  
  72  5:06  Extractor  
  71  5:07  Extractor  
  71  5:09  Zergling x16  
  78  5:16  Zergling x6  
  78  5:18  Queen  
  78  5:20  Overlord  
  83  5:24  Zergling x8  
  83  5:25  Baneling Nest, Zergling x2  
  87  5:28  Queen  
  87  5:34  Overlord  
  89  5:36  Zergling x2  
  89  5:38  Overlord  
  89  5:42  Overlord  
  90  5:45  Overlord  
  90  5:52  Overlord, Hatchery  
  89  5:57  Spore Crawler, Drone x4  
  89  5:58  Drone x4  
  89  5:59  Spore Crawler  
  89  6:02  Overlord  
  89  6:04  Drone  
  95  6:10  Evolution Chamber  
  94  6:12  Drone, Evolution Chamber  
  94  6:14  Queen  
  94  6:15  Queen  
  94  6:16  Queen  
  94  6:18  Drone  
  98  6:21  Drone x3  
  98  6:27  Drone  
  99  6:33  Drone x7, Extractor  
  99  6:39  Overlord  
  105  6:42  Drone x3  
  105  6:44  Drone  
  105  6:45  Drone  
  110  6:48  Centrifical Hooks  
  110  6:50  Zerg Melee Weapons Level 1  
  110  6:51  Hatchery  
  109  6:55  Spore Crawler  
  109  6:57  Drone  
  109  6:59  Overlord  
  109  7:01  Zerg Ground Armor Level 1  
  109  7:04  Extractor  
  109  7:05  Extractor  
  107  7:10  Drone x7  
  107  7:14  Drone x2  
  116  7:18  Overlord  
  116  7:19  Drone x4  
  118  7:23  Overlord  
  118  7:29  Infestation Pit  
  117  7:30  Overlord  
  117  7:33  Spore Crawler, Drone  
  117  7:34  Drone x3  
  117  7:35  Spore Crawler  
  117  7:36  Overlord  
  119  7:38  Baneling x5  
  119  7:39  Drone  
  119  7:40  Drone x4  
  124  7:45  Overlord  
  124  7:47  Overlord  
  124  7:55  Overlord  
  124  8:01  Zergling x18  
  124  8:04  Queen  
  124  8:05  Queen, Extractor  
  134  8:06  Queen  
  134  8:08  Hive  
  138  8:13  Zergling x4  
  138  8:14  Spire, Zergling x4  
  138  8:19  Zergling x12  
  146  8:21  Baneling x5  
  146  8:22  Baneling x2  
  146  8:28  Zergling x14  
  146  8:31  Baneling  
  146  8:32  Baneling x8  
  151  8:46  Zergling x2  
  151  8:47  Zergling x14  
  149  8:54  Zergling x12  
  142  9:03  Baneling  
  141  9:12  Hatchery  
  141  9:16  Hatchery  
  139  9:21  Adrenal Glands  
  139  9:22  Zerg Ground Armor Level 2, Zerg Melee Weapons Level 2  
  139  9:26  Drone x5  
  139  9:28  Zergling x26, Extractor  
  155  9:33  Greater Spire  
  155  9:43  Overlord x3  
  155  9:49  Corruptor x7  
  167  9:58  Corruptor x3  
  173  10:01  Baneling x5  
  173  10:18  Spine Crawler, Drone x3  
  173  10:19  Spine Crawler  
  174  10:24  Spine Crawler  
  158  10:50  Brood Lord x5  
  158  10:55  Brood Lord  
  158  10:56  Spore Crawler, Zergling x30  
  158  10:57  Zergling x20  
  191  11:00  Zergling x6  
  190  11:18  Brood Lord x2  
  158  11:22  Zergling x40  
  158  11:24  Zergling x2  
  166  11:31  Queen x2  
  145  11:36  Zergling x16  
  143  11:43  Baneling x5  
  143  11:46  Zerg Melee Weapons Level 3  
  143  11:49  Drone x8  
  143  11:51  Drone x2  
  148  12:03  Corruptor x3  
  152  12:14  Zergling x6  
  152  12:15  Zergling x10  
  145  12:33  Hatchery, Drone  
  145  12:34  Drone x5  
  141  12:44  Corruptor x4  
  139  13:01  Corruptor x3  
  143  13:09  Zergling x16  
  140  13:24  Corruptor x5, Zergling x2  
  140  13:25  Zergling x10  
  126  13:39  Zergling x10  
  126  13:40  Baneling x5  
  134  13:47  Zergling x8  
  134  13:48  Zergling x8  
  140  13:52  Hatchery  
  129  14:01  Corruptor x2  
  129  14:02  Corruptor  
  135  14:03  Brood Lord x3  
  135  14:04  Drone x4  
  145  14:20  Hatchery  
  145  14:22  Drone x10  
  153  14:28  Brood Lord x2  
  153  14:31  Zergling x2  
  156  14:35  Zergling x2  
  156  14:36  Zergling x14  
  164  14:47  Corruptor x2  
  164  14:49  Hatchery  
  167  14:56  Zergling x2  
  167  14:57  Zergling x16  
  167  14:59  Baneling x5  
  176  15:11  Overseer x2  
  176  15:12  Drone x8  
  184  15:18  Zergling x4  
  184  15:21  Zergling x4  
  176  15:28  Drone  
  176  15:29  Drone x3  
  159  15:50  Zergling x12  
  159  15:51  Zergling x12  
  159  15:52  Zerg Ground Armor Level 3  
  159  15:56  Drone  
  173  15:57  Queen, Drone  
  173  15:58  Queen, Drone x5  
  173  16:00  Overlord  
  173  16:01  Extractor x2  
  173  16:04  Baneling x8  
  180  16:06  Queen  
  182  16:13  Zergling x8  
  182  16:14  Zergling x6  
  182  16:16  Zerg Flyer Weapons Level 1  
  189  16:23  Zergling x14  
  182  16:33  Zergling x2  
  182  16:34  Zergling x14  
  188  16:41  Zergling x8  
  191  16:47  Drone x2  
  191  16:51  Spore Crawler  
  191  16:53  Spore Crawler x3  
  187  16:55  Pneumatized Carapace  
  187  16:57  Pathogen Glands  
  187  16:59  Drone x6  
  187  17:03  Spore Crawler  
  187  17:04  Spore Crawler  
  187  17:05  Spore Crawler  
  181  17:09  Zergling x22  
  181  17:14  Drone x3  
  193  17:19  Spore Crawler  
  191  17:30  Drone x6  
  191  17:31  Spore Crawler  
  191  17:35  Spore Crawler x2  
  193  17:37  Spore Crawler  
  193  17:38  Spore Crawler  
  193  17:41  Zergling x20  
  193  17:42  Zergling x6  
  200  17:51  Spore Crawler  
  199  18:03  Hatchery  
  180  18:10  Infestor x7  
  174  18:16  Corruptor x4  
  174  18:17  Corruptor  
  184  18:26  Hatchery  
  183  18:30  Zergling x28  
  193  18:39  Overseer x2  
  193  18:43  Zergling x14  
  196  18:58  Extractor  
  193  19:08  Baneling x2  
  193  19:10  Baneling x6  
  190  19:29  Brood Lord x4  
  198  19:37  Zerg Flyer Weapons Level 2  
  190  19:47  Zergling x22  
  194  19:58  Zergling x2  
  194  19:59  Zergling x28  
  200  20:07  Hatchery  
  195  20:15  Zergling x12  
  191  20:43  Corruptor x3  
  189  20:51  Overseer x2  
  186  21:00  Corruptor  
  186  21:01  Corruptor x5  
  194  21:16  Spawning Pool  
  194  21:17  Spire  
  190  21:19  Infestation Pit  
  190  21:23  Corruptor  
  190  21:24  Corruptor x2  
  185  21:31  Zergling x22  
  196  21:54  Corruptor x2  
  194  22:05  Brood Lord  
  196  22:09  Overlord x2  
  196  22:11  Hatchery  
Tags
 
Add a new tag
Caveats
  • Supply blocks, unpowered buildings, or Contaminate may cause inaccurate times.
  • Supply counts are checked every 10 seconds.